 Dungeon Crawl Stone Soup version 0.31.0-11-ge490571c62 (webtiles) character file.

Game seed: 467821618289615382

240 thirtiethelement the Slasher (level 5, -3/41 HPs)
             Began as a Demonspawn Monk on Jan 29, 2024.
             Slain by rozman's ghost (5 damage)
             ... on level 2 of the Dungeon.
             The game lasted 00:08:27 (3879 turns).

thirtiethelement the Slasher (Demonspawn Monk)      Turns: 3879, Time: 00:08:28

Health: -3/41      AC:  7    Str: 11    XL:     5   Next: 80%
Magic:  8/9        EV: 11    Int: 11    God:
Gold:   236        SH:  0    Dex: 17    Spells: 8/9 levels left

rFire   . . .        a - +0 falchion
rCold   . . .        d - orb {light}
rNeg    . . .        n - +0 ring mail
rPois   +            (no helmet)
rElec   .            (no cloak)
rCorr   .            (no gloves)
SInv    .            (no boots)
Will    +....        (no amulet)
Stlth   +            h - ring of willpower
HPRegen 0.26/turn    o - ring of poison resistance
MPRegen 0.11/turn

%: no passive effects
@: glowing, invisible (but backlit and visible)
A: hooves 1, thin metallic scales 1, foul stench 2
a: no special abilities


You were on level 2 of the Dungeon.
You visited 1 branch of the dungeon, and saw 3 of its levels.

You collected 236 gold pieces.

Inventory:

Hand Weapons
 a - a +0 falchion (weapon)
Armour
 d - an orb of light (worn)
 n - a +0 ring mail (worn)
Jewellery
 h - a ring of willpower (left hand)
 o - a ring of poison resistance (right hand)
Scrolls
 e - a scroll of teleportation
 f - 3 scrolls of identify {unknown}
 g - 2 scrolls of revelation {unknown}
 j - a scroll of butterflies {unknown}
 p - a scroll of blinking {unknown}
Potions
 b - a potion of magic {unknown}
 i - a potion of mutation {unknown}
 k - a potion of haste {unknown}
 l - a potion of invisibility
 m - a potion of enlightenment {unknown}


   Skills:
 + Level 3.4 Fighting
 + Level 3.6 Long Blades
 + Level 0.4 Armour
 + Level 3.0 Dodging
 + Level 0.5 Stealth
 + Level 2.7 Spellcasting
 + Level 2.4 Earth Magic


You had 8 spell levels left.
You knew the following spells:

 Your Spells              Type           Power      Damage    Failure   Level
a - Sandblast             Erth           12%        2d6       24%         1

Your spell library contained the following spells:

 Spells                   Type           Power      Damage    Failure   Level
 Apportation              Tloc           2%         N/A       54%         1
 Freeze                   Ice            4%         1d3       54%         1
 Passwall                 Erth           6%         N/A       58%         3
 Jinxbite                 Hex            2%         N/A       69%         2
 Stone Arrow              Conj/Erth      8%         3d7       77%         3
 Frozen Ramparts          Ice            2%         1d1       89%         3
 Hailstorm                Conj/Ice       1%         3d5       89%         3
 Brom's Barrelling Bould  Conj/Erth      4%         2d3       99%         4
 Alistair's Intoxication  Alch           0%         N/A       100%        5


Dungeon Overview and Level Annotations

Branches:
Dungeon (3/15)

Altars:

Shops:
D:2 (

Annotations:
D:2 rozman's ghost, amateur MiMo


Innate Abilities, Weirdness & Mutations

You have large cloven feet.
You are partially covered in thin metallic scales. (AC +2)
You sometimes emit foul miasma when damaged in melee.


Message History

Aim: rozman's ghost (foul pestilence, moderately damaged, haloed, 78% to hit)
The blast of sand hits rozman's ghost but does no damage.
Rozman's ghost is moderately damaged.
Rozman's ghost hits you. x2
Aiming: Sandblast (safe; 24% risk of failure)
Press: ? - help, Q - select action Shift-Dir - straight line, f/p - rozman's ghost
Aim: rozman's ghost (foul pestilence, moderately damaged, haloed, 78% to hit)
The blast of sand hits rozman's ghost.
Rozman's ghost is heavily damaged.
Rozman's ghost misses you.
You are confused.
You feel invigorated. Rozman's ghost barely misses you.
You closely miss rozman's ghost.
Rozman's ghost is heavily damaged.
Rozman's ghost hits you. Rozman's ghost hits you.
You closely miss rozman's ghost.
Rozman's ghost is heavily damaged.
You feel less invigorated.
You feel less confused. Rozman's ghost hits you!
You emit a cloud of foul miasma!
Aiming: Sandblast (safe; 24% risk of failure)
Press: ? - help, Q - select action Shift-Dir - straight line, f/p - rozman's ghost
Aim: rozman's ghost (foul pestilence, heavily damaged, haloed, 78% to hit)
The blast of sand hits rozman's ghost.
Rozman's ghost is heavily damaged.
Rozman's ghost shouts, "I have seen your future, and it is all used up."
Rozman's ghost barely misses you. Rozman's ghost hits you.
* * * LOW HITPOINT WARNING * * *
Aiming: Sandblast (safe; 24% risk of failure)
Press: ? - help, Q - select action Shift-Dir - straight line, f/p - rozman's ghost
Aim: rozman's ghost (foul pestilence, heavily damaged, haloed, 78% to hit)
The blast of sand hits rozman's ghost.
Rozman's ghost is severely damaged.
Rozman's ghost hits you!
* * * LOW HITPOINT WARNING * * *
It was a potion of invisibility.
You become transparent, but the glow from your halo prevents you from becoming completely invisible.
Rozman's ghost hits you.
You die...

.# ### .# .#
'##### .....#
.....#############
.....##..........#
.................#
...#)#.........W@#
..##.#..........>#
..#.##...........#
.##.#............#
.#.####..........#
##.# #..........#
#.## ############
..# '##


You could see rozman's ghost.

Vanquished Creatures
  A bombardier beetle (D:3)
  A sleepcap (D:3)
  Jessica (D:2)
  Natasha (D:2)
  5 gnolls
  An adder (D:2)
  2 dart slugs
  A ribbon worm (D:2)
  4 orcs (D:3)
  7 endoplasms
  5 giant cockroaches
  8 hobgoblins
  2 quokkas
  6 ball pythons
  5 bats
  3 frilled lizards
  4 goblins
  3 kobolds
  3 rats
63 creatures vanquished.

Notes
Turn   | Place    | Note
-------+----------+-------------------------------------------
     0 | D:1      | thirtiethelement the Demonspawn Monk began the quest for
                  | the Orb.
     0 | D:1      | Reached XP level 1. HP: 18/18 MP: 1/1
     4 | D:1      | Noticed a minotaur
     7 | D:1      | Noticed a demigod
    11 | D:1      | Noticed a formicid
    17 | D:1      | Noticed a minotaur
   277 | D:1      | Gained mutation: You have large cloven feet. [demonic
                  | ancestry]
   277 | D:1      | Reached XP level 2. HP: 24/24 MP: 2/2
   280 | D:1      | Learned a level 1 spell: Sandblast
   572 | D:1      | Gained mutation: You may rarely emit foul miasma when
                  | damaged in melee. [demonic ancestry]
   572 | D:1      | Reached XP level 3. HP: 11/29 MP: 0/3
  1209 | D:2      | Reached skill level 1 in Spellcasting
  1327 | D:2      | Noticed a +0 quick blade
  1328 | D:2      | Found Vamy Moi's Weapon Boutique.
  1374 | D:2      | Noticed a +0 triple sword
  1431 | D:2      | Noticed Natasha
  1436 | D:2      | Killed Natasha
  1437 | D:2      | Gained mutation: You sometimes emit foul miasma when
                  | damaged in melee. [demonic ancestry]
  1437 | D:2      | Reached XP level 4. HP: 30/35 MP: 0/6
  1684 | D:2      | Reached skill level 1 in Earth Magic
  1784 | D:2      | Noticed Jessica
  1786 | D:2      | Killed Jessica
  2670 | D:3      | Found a runed translucent gate.
  2670 | D:3      | Noticed rozman's ghost (amateur MiMo)
  2671 | D:3      | Found a runed translucent gate.
  2671 | D:3      | Identified the +0 leather armour "Lishyulo" {^Contam Fly
                  | Regen+ Int+10}
  2672 | D:3      | Found a runed translucent gate.
  2798 | D:3      | Gained mutation: You are partially covered in thin metallic
                  | scales. (AC +2) [demonic ancestry]
  2798 | D:3      | Reached XP level 5. HP: 18/41 MP: 6/8
  3878 | D:2      | HP: 2/41 [rozman's ghost (10)]
  3879 | D:2      | Slain by rozman's ghost

Illustrated notes

Levels and vault maps discovered:
D:1:      shiori_arrival_whats_in_store_for_you, layout_basic
D:2:      layout_basic, serial_shops, nicolae_shop_mannequins,
          dk_noncrumbling_4, minmay_liquid_box, grunt_decor_clamped,
          lemuel_flame_loot_1, uniq_jessica, uniq_natasha
D:3:      layout_loops_corners, biasface_ghost_orc_armoury,
          minmay_misc_feat_plants

Skill      XL: |  1  2  3  4  5 |
---------------+----------------+-----
Long Blades    | 3 |  3.6
Spellcasting   | 1 2 |  2.7
Earth Magic    | 1 2 |  2.4
Dodging        | 3 |  3.0
Fighting       | |  3.4
Armour         | |  0.4
Stealth        | |  0.5

Action                     |  1- 3 |  4- 6 || total
---------------------------+-------+-------++-------
  Melee: Falchion          |    43 |    36 ||    79
         Kick              |     9 |    15 ||    24
   Cast: Sandblast         |    28 |    40 ||    68
    Use: Scroll            |       |     1 ||     1
         Potion            |       |     2 ||     2
   Stab: Sleeping          |     1 |       ||     1
 Armour: Robe              |    24 |     1 ||    25
         Ring mail         |       |    42 ||    42
  Dodge: Dodged            |    36 |    43 ||    79
